Map: [ESL] Data-C

Players

Solar

  • Race: Zerg Zerg
  • League: Master
  • Spawn Location: 3:00

gumiho - Winner!

  • Race: Terran Terran
  • Spawn Location: 9:00

Event: HomeStory Cup XXII

VOD

Have the link to the VOD?

Description

Time

  • Played on: Dec. 15, 2022, 1:46 p.m.
  • Length: 13:03

All games in this series

Show
View Real Time Build Order
Export as new Build Order

Solar Zerg 

Build Orders: Hatch First 

Get SALT Encoding   

  12  0:00  Drone  
  13  0:12  Overlord  
  13  0:17  Drone  
  14  0:30  Drone x2  
  16  0:49  Hatchery  
  15  0:51  Drone  
  15  0:55  Drone  
  17  0:58  Drone  
  18  1:09  Extractor  
  17  1:14  Spawning Pool  
  17  1:17  Drone  
  17  1:21  Drone  
  18  1:28  Drone  
  19  1:39  Drone  
  20  1:50  Drone  
  21  2:00  Queen  
  21  2:01  Queen  
  25  2:06  Zergling x4  
  27  2:11  Overlord  
  27  2:12  Drone  
  28  2:22  Hatchery  
  27  2:25  Drone  
  28  2:30  Drone  
  28  2:36  Queen  
  31  2:37  Drone  
  31  2:42  Overlord  
  32  2:47  Metabolic Boost  
  33  2:51  Drone  
  33  2:52  Drone  
  33  2:56  Drone x2  
  35  3:05  Drone x2  
  37  3:09  Drone x3  
  40  3:15  Queen  
  40  3:18  Overlord  
  42  3:22  Drone  
  43  3:34  Queen  
  43  3:35  Drone x3  
  43  3:37  Queen  
  50  3:45  Drone x5  
  50  3:46  Drone  
  56  3:48  Zergling x2  
  56  3:51  Overlord  
  56  3:54  Overlord  
  57  4:04  Overlord  
  57  4:09  Queen  
  59  4:10  Drone x5  
  59  4:14  Queen  
  66  4:17  Drone x2  
  66  4:18  Drone x2  
  66  4:20  Zergling x2  
  66  4:22  Drone  
  72  4:25  Overlord  
  72  4:26  Zergling x4  
  72  4:27  Drone  
  72  4:30  Drone  
  76  4:33  Lair  
  76  4:37  Overlord, Extractor  
  75  4:42  Spore Crawler, Overlord  
  75  4:45  Drone x3, Extractor  
  77  4:46  Extractor  
  77  4:47  Spore Crawler, Drone  
  77  4:50  Drone x2  
  77  4:54  Drone x4  
  77  4:55  Drone x2  
  77  4:57  Drone  
  84  5:00  Roach Warren  
  84  5:03  Drone x2  
  84  5:06  Zergling x2  
  86  5:15  Evolution Chamber  
  86  5:16  Evolution Chamber  
  86  5:17  Drone  
  86  5:18  Drone x3  
  86  5:19  Drone x4  
  86  5:20  Drone  
  91  5:24  Zergling x4, Extractor x2  
  91  5:25  Overlord  
  91  5:29  Drone x2  
  91  5:30  Overseer, Drone  
  94  5:43  Glial Reconstitution  
  94  5:44  Zerg Missile Weapons Level 1  
  94  5:45  Zerg Ground Armor Level 1  
  94  5:48  Hatchery  
  92  5:53  Overlord  
  92  5:55  Overlord  
  92  5:56  Overlord  
  92  6:00  Overlord  
  92  6:08  Zergling x6  
  92  6:09  Overlord  
  95  6:15  Overlord  
  95  6:17  Roach x7  
  109  6:19  Roach  
  109  6:25  Roach x6  
  122  6:27  Overseer  
  117  6:37  Drone  
  117  6:40  Spire  
  117  6:43  Drone x4  
  117  6:47  Drone x3  
  117  6:50  Spore Crawler  
  117  6:52  Drone  
  120  6:57  Drone x2  
  123  7:01  Drone  
  123  7:02  Baneling Nest  
  123  7:03  Spore Crawler  
  123  7:04  Extractor  
  119  7:09  Drone x2  
  119  7:12  Drone x4  
  119  7:14  Drone  
  113  7:16  Drone x2  
  113  7:18  Drone  
  113  7:22  Drone  
  110  7:23  Drone  
  110  7:24  Drone x2  
  110  7:26  Drone  
  110  7:27  Drone  
  115  7:32  Roach x2  
  115  7:34  Roach x3  
  125  7:40  Drone  
  125  7:41  Zergling x8  
  125  7:42  Zerg Ground Armor Level 2  
  125  7:43  Zerg Melee Weapons Level 1  
  130  7:44  Ravager  
  130  7:45  Ravager x2  
  130  7:46  Ravager  
  130  7:47  Zergling x6  
  130  7:49  Overlord  
  130  7:50  Drone  
  130  7:51  Drone  
  139  7:53  Zergling x2  
  139  7:56  Centrifugal Hooks  
  139  7:58  Drone x3  
  143  8:02  Overlord  
  143  8:03  Overlord  
  143  8:05  Overlord  
  143  8:07  Overlord  
  143  8:09  Drone  
  143  8:11  Drone  
  143  8:12  Drone x3  
  147  8:13  Drone x2  
  147  8:18  Ravager  
  147  8:19  Drone  
  151  8:20  Overlord  
  151  8:21  Infestation Pit  
  151  8:22  Zergling x8  
  151  8:23  Zergling x2  
  151  8:25  Zergling x2  
  151  8:26  Zergling x4  
  158  8:29  Zergling x6  
  158  8:33  Zergling x10  
  166  8:38  Zergling x8  
  170  8:41  Ravager  
  170  8:44  Zergling x4  
  173  8:50  Zergling x12  
  173  8:52  Zergling x6  
  180  8:58  Zergling x4  
  180  9:00  Hive  
  182  9:02  Hatchery  
  182  9:04  Zergling x6  
  182  9:07  Ravager  
  182  9:08  Roach x2  
  187  9:14  Zergling x6  
  184  9:20  Roach  
  184  9:21  Roach  
  167  9:24  Baneling x4  
  167  9:25  Roach x2  
  167  9:28  Roach  
  167  9:29  Roach x3  
  167  9:31  Roach x4  
  159  9:32  Roach  
  159  9:33  Roach  
  159  9:35  Zergling x6  
  154  9:41  Zerg Melee Weapons Level 2  
  154  9:42  Zergling x8  
  149  9:48  Roach x2  
  145  9:53  Zergling x2  
  127  10:01  Queen  
  127  10:02  Zergling x6  
  127  10:03  Baneling x10  
  132  10:08  Baneling, Hatchery  
  132  10:09  Zergling x4  
  132  10:12  Viper, Adrenal Glands  
  136  10:18  Viper  
  136  10:21  Zergling x2  
  140  10:23  Ravager  
  140  10:25  Ultralisk Cavern  
  140  10:26  Zergling x6  
  143  10:30  Baneling  
  143  10:31  Zergling x4, Baneling x4  
  143  10:34  Zergling x2  
  146  10:38  Drone x4  
  146  10:41  Zergling x4  
  146  10:43  Zergling x2  
  146  10:44  Zergling x2  
  146  10:48  Zergling x2  
  146  10:49  Zergling x2  
  150  10:53  Zergling x8  
  150  10:55  Zergling x4  
  156  10:59  Zergling x2  
  156  11:02  Baneling x3  
  157  11:07  Zergling x6  
  149  11:13  Zergling x8  
  149  11:18  Chitinous Plating  
  147  11:19  Ultralisk  
  147  11:20  Zergling x8  
  147  11:23  Zergling x6  
  157  11:27  Zergling x6  
  160  11:35  Baneling, Ravager  
  160  11:36  Baneling x8  
  160  11:39  Zergling x8  
  165  11:41  Hatchery  
  165  11:43  Drone  
  165  11:44  Drone x4  
  165  11:45  Drone  
  170  11:47  Baneling x4  
  170  11:49  Zergling x2  
  170  11:52  Zergling x2  
  171  11:54  Zergling x2  
  171  11:55  Zergling x4  
  173  12:02  Ultralisk  
  173  12:03  Zergling x10  
  173  12:07  Ravager  
  173  12:08  Zergling x10  
  186  12:13  Zergling x8  
  179  12:22  Zergling x10  
  163  12:29  Baneling x10  
  139  12:30  Zergling x2  
  139  12:33  Viper  
  139  12:35  Zergling x4  
  132  12:38  Zergling x8  
  132  12:41  Zergling x4  
Show
View Real Time Build Order
Export as new Build Order

gumiho Terran - Winner!

Build Orders: Command Center First (CC), Hellion Banshee 

Get SALT Encoding   

  12  0:00  SCV  
  13  0:12  SCV  
  14  0:17  Supply Depot  
  14  0:24  SCV  
  15  0:38  SCV  
  16  0:50  SCV  
  17  0:58  Command Center  
  17  1:02  SCV  
  18  1:12  Barracks  
  18  1:15  SCV  
  19  1:21  Refinery  
  19  1:27  SCV  
  19  1:29  Refinery  
  20  1:39  SCV  
  21  1:51  SCV  
  22  1:59  Reaper  
  23  2:03  Orbital Command  
  23  2:10  Orbital Command  
  23  2:16  Factory  
  23  2:29  SCV  
  24  2:34  Barracks Reactor  
  24  2:37  SCV  
  25  2:45  Command Center  
  25  2:50  SCV x2  
  27  3:00  Supply Depot  
  27  3:02  SCV x2  
  27  3:05  Starport  
  29  3:13  Hellion x2  
  29  3:15  SCV  
  29  3:18  SCV  
  35  3:20  Barracks Tech Lab  
  35  3:27  SCV  
  35  3:30  SCV  
  37  3:35  Hellion x2  
  37  3:39  SCV  
  42  3:42  SCV  
  43  3:49  Viking, Cloaking Field  
  43  3:50  Barracks Tech Lab  
  43  3:51  SCV  
  46  3:57  SCV  
  46  3:59  Hellion x2  
  46  4:01  Orbital Command  
  51  4:03  SCV  
  51  4:07  Supply Depot  
  51  4:09  SCV  
  53  4:10  Stimpack  
  53  4:11  Marine  
  53  4:15  SCV  
  53  4:16  Orbital Command  
  55  4:19  Banshee  
  55  4:21  SCV  
  55  4:24  Hellion  
  61  4:28  SCV  
  61  4:29  Hellion  
  61  4:31  Supply Depot  
  64  4:33  SCV  
  65  4:40  Engineering Bay, SCV  
  65  4:42  Engineering Bay, Marine  
  65  4:45  SCV x2  
  69  4:53  Supply Depot  
  69  4:56  Barracks, SCV  
  69  4:57  SCV  
  69  4:58  SCV, Barracks  
  69  4:59  Marine  
  72  5:01  Factory Reactor  
  72  5:04  Banshee  
  72  5:06  Refinery  
  76  5:08  Terran Infantry Weapons Level 1  
  76  5:15  Terran Infantry Armor Level 1  
  76  5:16  SCV x3  
  76  5:17  Refinery  
  76  5:20  Supply Depot  
  79  5:26  Supply Depot, Marine  
  80  5:28  SCV x2  
  80  5:29  SCV  
  80  5:35  Barracks  
  83  5:37  Barracks  
  83  5:40  SCV  
  83  5:42  SCV x2  
  86  5:43  Marine  
  86  5:46  Supply Depot x2  
  86  5:49  Marine x2  
  89  5:52  SCV  
  89  5:54  SCV x2  
  92  5:57  Starport Reactor  
  92  5:59  Siege Tank  
  92  6:01  Marine  
  92  6:02  Marine x2  
  98  6:05  SCV  
  98  6:06  SCV  
  98  6:07  SCV, Marine  
  102  6:12  Supply Depot  
  102  6:13  Supply Depot, Marine  
  102  6:15  Supply Depot  
  102  6:17  SCV, Armory  
  104  6:19  SCV x2  
  104  6:21  Marine  
  104  6:22  Barracks Reactor, Marine  
  104  6:23  Barracks Reactor  
  108  6:32  Marine  
  108  6:33  Marine  
  108  6:34  Siege Tank  
  108  6:37  SCV x2  
  115  6:44  Marine x2  
  115  6:45  Marine  
  118  6:47  Medivac x2  
  118  6:48  SCV  
  118  6:49  Refinery x2, SCV  
  118  6:50  SCV, Command Center  
  118  6:52  Marine x2  
  127  6:55  Combat Shield  
  127  7:02  Marine x2  
  127  7:03  Supply Depot, Marine  
  127  7:04  Supply Depot  
  127  7:06  Supply Depot, Siege Tank  
  133  7:11  SCV  
  134  7:21  Marine x2  
  130  7:23  Marine x3  
  130  7:24  Marine x3  
  130  7:25  Marine  
  130  7:27  Medivac x2  
  130  7:28  Terran Infantry Weapons Level 2  
  141  7:33  Command Center  
  141  7:36  SCV  
  142  7:39  Terran Infantry Armor Level 2  
  142  7:43  Marine x3  
  142  7:44  Marine x6  
  146  7:48  Factory  
  151  7:57  Medivac  
  152  8:01  Marine x5  
  152  8:02  Siege Tank, Marine x4  
  163  8:19  Marine x6  
  167  8:20  Marine x3  
  167  8:26  Barracks x2, Medivac  
  174  8:27  Barracks, Medivac  
  176  8:38  Marine x3  
  176  8:39  Factory Tech Lab, Siege Tank  
  181  8:44  Marine x3  
  181  8:45  Marauder, Marine x2  
  188  8:48  SCV x2  
  188  8:49  SCV  
  188  8:55  Terran Vehicle Weapons Level 1  
  188  8:56  Marine  
  188  8:57  Marine x2  
  188  8:58  Siege Tank  
  188  9:02  Marine  
  194  9:05  Marine  
  196  9:11  Marauder, Marine  
  196  9:15  Siege Tank  
  196  9:17  Marine x2  
  196  9:21  Medivac  
  196  9:23  Marine x2  
  195  9:26  Marine x3  
  181  9:33  Marauder  
  181  9:34  Marine  
  181  9:35  Marine x3  
  181  9:36  Marine  
  172  9:41  Marine x2  
  172  9:42  Marine  
  172  9:43  Siege Tank, Marine  
  158  9:45  Planetary Fortress  
  158  9:47  Medivac  
  158  9:52  Marine x3  
  149  9:53  Marine x3  
  149  9:54  Marauder, Marine  
  149  9:59  Terran Infantry Weapons Level 3, Marine x2  
  142  10:03  Terran Infantry Armor Level 3  
  142  10:14  Barracks Tech Lab x3  
  142  10:15  Marauder, Marine x6  
  142  10:17  Concussive Shells, Marine x2  
  142  10:18  Siege Tank  
  155  10:24  Siege Tank  
  158  10:30  Command Center  
  158  10:33  Marauder x2, Marine x5  
  158  10:34  Marauder, Marine  
  158  10:35  Marine  
  171  10:47  Marauder, Marine  
  171  10:48  Medivac x2  
  177  10:51  Marine x2  
  177  10:54  Marauder x2, Siege Tank  
  177  10:56  Siege Tank  
  189  10:58  Reaper, Marauder  
  192  11:07  Marine x4  
  192  11:08  Marauder  
  192  11:11  Marine x2  
  179  11:13  Marine  
  179  11:16  Marauder x2  
  176  11:19  Marauder  
  176  11:25  Marine x2  
  179  11:27  Siege Tank  
  179  11:28  Marine x2  
  179  11:29  Marauder  
  179  11:32  Marine x3  
  187  11:34  Marine  
  187  11:36  Medivac x2  
  187  11:37  Marauder x2  
  196  11:42  SCV x3  
  196  11:44  Planetary Fortress  
  199  11:48  Marine  
  199  12:08  Command Center  
  199  12:12  Marauder x2, Marine  
  200  12:16  Marauder  
  200  12:22  Marine x3  
  173  12:23  Marauder, Marine  
  173  12:24  Siege Tank  
  173  12:25  Siege Tank  
  173  12:29  Marine x4  
  179  12:31  Medivac x2  
  179  12:33  Marauder  
  179  12:34  Marauder  
  176  12:37  Marauder  
  176  12:40  Marine x4  
  176  12:43  Refinery  
  178  12:44  Refinery, Command Center  
  178  12:45  Command Center  
Tags
 
Add a new tag
Caveats
  • Supply blocks, unpowered buildings, or Contaminate may cause inaccurate times.
  • Supply counts are checked every 10 seconds.